Map: Emerald City CE

Players

Ekelpack

  • Race: Zerg Zerg
  • Spawn Location: 11:00

Nyck

  • Race: Terran Terran
  • Spawn Location: 11:00

zdro - Winner!

  • Race: Terran Terran
  • League: Master
  • Spawn Location: 5:00

OperyBa - Winner!

  • Race: Terran Terran
  • League: Master
  • Spawn Location: 5:00

VOD

Have the link to the VOD?

Description

Time

  • Played on: March 26, 2025, 2:41 p.m.
  • Length: 7:33
Show
View Real Time Build Order
Export as new Build Order

Ekelpack Zerg 

Build Orders: Hatch First 

Get SALT Encoding   

  12  0:00  Drone  
  13  0:12  Overlord  
  13  0:17  Drone  
  14  0:30  Drone x2  
  14  0:35  Drone  
  17  0:54  Drone  
  18  0:57  Hatchery  
  18  0:59  Drone  
  18  1:06  Drone  
  18  1:09  Extractor  
  18  1:17  Spawning Pool  
  17  1:19  Drone  
  18  1:32  Drone  
  19  1:38  Drone  
  20  1:51  Overlord  
  20  2:02  Drone  
  20  2:08  Queen, Metabolic Boost  
  21  2:12  Queen  
  25  2:19  Drone  
  26  2:23  Drone  
  26  2:24  Drone  
  26  2:25  Drone  
  29  2:31  Drone, Extractor  
  29  2:34  Drone  
  30  3:01  Drone  
  30  3:02  Drone  
  30  3:03  Lair  
  30  3:05  Drone x3  
  34  3:06  Overlord  
  34  3:09  Extractor  
  34  3:12  Extractor  
  34  3:20  Drone  
  34  3:27  Overlord  
  34  3:29  Zergling x2  
  34  3:30  Zergling x2  
  34  3:32  Drone x3  
  34  3:33  Drone  
  40  3:42  Drone  
  40  3:43  Overlord  
  41  3:48  Zergling x2  
  42  4:00  Drone x3  
  45  4:03  Spire  
  45  4:05  Drone x4  
  48  4:10  Zergling x2  
  48  4:12  Overlord  
  49  4:30  Hatchery  
  48  4:34  Overlord  
  48  4:35  Overlord  
  47  4:46  Zergling x4  
  47  4:47  Zergling x6  
  47  4:48  Zergling x6  
  52  5:17  Zerg Flyer Weapons Level 1  
  52  5:18  Mutalisk x5  
  62  5:24  Mutalisk x2  
  62  5:25  Mutalisk x2  
  62  5:27  Drone x2  
  72  5:40  Drone x3  
  75  5:43  Queen  
  75  5:45  Drone x3  
  75  5:47  Extractor  
  75  5:49  Extractor  
  78  6:01  Infestation Pit  
  74  6:14  Zergling x8  
  74  6:15  Zergling x8  
  59  6:42  Mutalisk x7  
Show
View Real Time Build Order
Export as new Build Order

Nyck Terran 

Build Orders:  

Get SALT Encoding   

  12  0:00  SCV  
  13  0:12  SCV  
  14  0:18  Supply Depot  
  14  0:24  SCV  
  15  0:39  SCV  
  15  0:42  Barracks  
  16  0:52  Refinery  
  16  0:53  SCV  
  17  1:06  Barracks  
  17  1:07  SCV  
  18  1:21  SCV  
  19  1:28  Refinery  
  19  1:30  Supply Depot  
  19  1:38  Barracks Reactor  
  19  1:40  Orbital Command  
  19  1:55  Barracks Reactor  
  19  1:59  Barracks  
  19  2:14  Reaper x2  
  21  2:17  SCV  
  22  2:32  SCV, Reaper x2  
  25  2:40  Supply Depot  
  24  2:53  Reaper x2  
  26  2:58  SCV  
  26  3:04  Barracks Tech Lab  
  26  3:05  Reaper  
  28  3:11  SCV  
  29  3:24  Combat Shield  
  29  3:26  SCV, Command Center  
  30  3:32  Engineering Bay  
  30  3:41  SCV  
  31  4:09  Supply Depot  
  31  4:11  Command Center  
  31  4:19  Marine  
  31  4:30  SCV, Marine  
  29  4:42  SCV  
  30  4:49  Marine  
  30  4:50  Marine x4  
  33  5:07  SCV  
  33  5:08  Orbital Command  
  34  5:17  Marine  
  34  5:18  Marine x4  
  39  5:21  Stimpack  
  39  5:24  Supply Depot  
  39  5:26  Terran Infantry Weapons Level 1  
  39  5:30  Engineering Bay  
  39  5:34  Factory  
  39  5:35  SCV  
  39  5:36  SCV  
  41  5:46  Planetary Fortress  
  41  5:51  SCV x2  
  43  6:00  Marine x3  
  43  6:01  Marine  
  43  6:03  SCV x2  
  49  6:13  Marauder  
  51  6:22  Marine x3  
  51  6:23  Marine  
  52  6:28  SCV  
  53  6:39  Marauder  
  55  6:48  Marine x3  
  55  6:49  Marine  
  59  6:55  Starport, Factory Reactor  
  59  7:01  Marauder  
  55  7:06  Marine x2  
Show
View Real Time Build Order
Export as new Build Order

zdro Terran - Winner!

Build Orders: Reaper Expand 

Get SALT Encoding   

  12  0:00  SCV  
  13  0:13  SCV  
  14  0:18  Supply Depot  
  14  0:25  SCV  
  15  0:39  SCV  
  15  0:40  Barracks  
  16  0:47  Refinery  
  16  0:52  SCV  
  17  1:04  SCV  
  18  1:16  SCV  
  19  1:18  Refinery  
  19  1:30  Reaper  
  19  1:32  Orbital Command  
  20  1:50  Command Center  
  20  1:59  SCV  
  21  2:05  Factory  
  21  2:09  Barracks Reactor  
  21  2:12  SCV  
  22  2:19  Supply Depot  
  22  2:24  SCV  
  23  2:47  SCV  
  24  2:57  Marine x2  
  26  3:00  Bunker  
  26  3:04  Starport  
  26  3:05  Factory Tech Lab  
  26  3:06  Orbital Command  
  26  3:14  Marine  
  26  3:15  Marine  
  29  3:20  SCV  
  29  3:29  Siege Tank  
  29  3:31  Orbital Command  
  29  3:32  Marine x2  
  34  3:49  SCV  
  34  3:52  Starport Tech Lab  
  34  3:54  Marine x2  
  37  4:02  SCV x2  
  39  4:14  SCV x2  
  40  4:25  Siege Tank  
  45  4:31  Raven  
  45  4:32  Interference Matrix  
  45  4:47  SCV  
  46  4:54  Supply Depot x2  
  46  4:57  Supply Depot  
  46  5:08  SCV  
  46  5:15  Raven, SCV, Marine x2  
  46  5:16  Supply Depot  
  46  5:18  Supply Depot  
  46  5:19  Supply Depot  
  51  5:22  SCV  
  51  5:25  Refinery  
  51  5:27  SCV  
  53  5:30  Siege Tank  
  53  5:33  Marine x2  
  53  5:34  SCV  
  59  5:39  SCV  
  60  5:46  SCV  
  63  5:50  Raven  
  63  5:51  Marine x2  
  63  5:52  SCV  
  63  5:53  Barracks  
  66  5:58  SCV  
  66  5:59  Barracks  
  66  6:01  Engineering Bay  
  66  6:02  Siege Tank  
  67  6:47  SCV x2  
  67  6:48  Missile Turret  
  67  6:49  Missile Turret  
  67  6:50  Missile Turret  
  67  6:51  Missile Turret  
  69  6:59  SCV x2  
  66  7:03  Marine x2  
  66  7:04  Barracks Tech Lab  
  66  7:06  Barracks Reactor  
Show
View Real Time Build Order
Export as new Build Order

OperyBa Terran - Winner!

Build Orders:  

Get SALT Encoding   

  12  0:00  SCV  
  13  0:12  SCV  
  14  0:19  Supply Depot  
  14  0:25  SCV  
  15  0:41  SCV  
  16  0:43  Barracks  
  16  0:52  Refinery  
  16  0:53  SCV  
  17  1:05  SCV  
  18  1:17  SCV  
  19  1:29  SCV  
  20  1:37  Barracks  
  20  1:40  Reaper  
  21  1:53  Refinery  
  21  1:56  Command Center  
  21  2:14  Orbital Command  
  21  2:21  Factory  
  21  2:22  Supply Depot  
  21  2:36  Barracks Reactor  
  21  2:41  Barracks Tech Lab  
  21  2:42  Barracks Reactor  
  20  3:09  Bunker  
  20  3:13  Marine  
  20  3:14  Marine, Bunker  
  22  3:30  Marine x2  
  22  3:31  Starport, Marine  
  22  3:32  Marine  
  26  3:43  Supply Depot  
  26  3:48  Marine x2  
  27  3:49  Marine  
  27  3:52  Marine, Engineering Bay  
  27  3:53  Factory Reactor  
  30  4:08  Orbital Command  
  31  4:10  SCV  
  31  4:23  Marine  
  32  4:24  Marine x2  
  32  4:25  Marine  
  32  4:27  Terran Infantry Weapons Level 1  
  35  4:34  SCV x2  
  37  4:41  Marine  
  37  4:42  Marine x2  
  39  4:46  SCV  
  39  4:50  SCV  
  41  5:12  Marine x4  
  45  5:20  SCV x2  
  47  5:28  Supply Depot, Medivac  
  49  5:29  Supply Depot, Medivac  
  49  5:30  Marine x3  
  54  5:43  Factory Tech Lab  
  54  5:50  Supply Depot, SCV x2  
  54  5:52  Supply Depot x2  
  54  5:54  Marine x3  
  59  6:02  SCV x2  
  61  6:11  Marine  
  61  6:12  Marine x3  
  61  6:14  SCV  
  66  6:20  Missile Turret  
  66  6:22  Missile Turret  
  66  6:23  Missile Turret  
  66  6:24  Missile Turret  
  66  6:26  Missile Turret  
  66  6:29  Marine  
  64  6:39  Marine x3  
  64  6:46  Medivac x2  
  68  6:47  Marine  
  69  6:57  Marine x3  
Tags
 
Add a new tag
Caveats
  • Supply blocks, unpowered buildings, or Contaminate may cause inaccurate times.
  • Supply counts are checked every 10 seconds.